 Dungeon Crawl Stone Soup version 0.30-a0-219-gf2db51d15e (webtiles) character file.

Game seed: 13599782108034532382

301 jimonade the Slicer (level 6, -4/35 HPs)
             Began as a Kobold Brigand on Oct 7, 2022.
             Slain by a gnoll
             ... wielding a +0 whip
             ... led by a gnoll bouda
              (7 damage)
             ... on level 4 of the Dungeon.
             The game lasted 00:06:09 (3809 turns).

jimonade the Slicer (Kobold Brigand)                Turns: 3809, Time: 00:06:10

Health: -4/35      AC:  7    Str:  8    XL:     6   Next: 64%
Magic:  0/6        EV: 16    Int: 13    God:
Gold:   192        SH:  0    Dex: 24    Spells: 5/5 levels left

rFire   . . .      SeeInvis .    a - +2 dagger
rCold   . . .      Faith    .    (no shield)
rNeg    . . .      Spirit   +    q - +0 ring mail
rPois   .          Reflect  .    u - +0 helmet
rElec   .          Harm     .    c - +0 cloak
rCorr   .          Rampage  .    (no gloves)
Will    .....                    (no boots)
Stlth   ++++......               B - amulet of guardian spirit
HPRegen 0.25/turn                g - +4 ring of evasion
MPRegen 0.10/turn                F - +6 ring of dexterity

@: no status effects
A: small, no large weapons, nightstalker 3
a: no special abilities


You were on level 4 of the Dungeon.
You visited 1 branch of the dungeon, and saw 4 of its levels.

You collected 192 gold pieces.

Inventory:

Hand Weapons
 a - a +2 dagger (weapon)
 p - a +0 spear
Missiles
 d - 9 poisoned darts (quivered)
 e - 3 curare-tipped darts
Armour
 b - a +0 robe
 c - a +0 cloak (worn)
 q - a +0 ring mail (worn)
 u - a +0 helmet (worn)
 E - a +0 cloak
Magical Staves
 D - a staff of fire
Jewellery
 g - a +4 ring of evasion (left hand)
 z - a ring of wizardry
 B - an amulet of guardian spirit (around neck)
 F - a +6 ring of dexterity (right hand)
Wands
 v - a wand of mindburst (13)
Scrolls
 f - 4 scrolls of fear {unknown}
 h - 4 scrolls of identify {unknown}
 k - 2 scrolls of immolation {unknown}
 m - a scroll of brand weapon {unknown}
 n - a scroll of vulnerability {unknown}
 t - 2 scrolls of enchant armour {unknown}
 w - 3 scrolls of teleportation {unknown}
 y - 2 scrolls of noise {unknown}
Potions
 i - 2 potions of curing {unknown}
 j - 2 potions of attraction {unknown}
 l - 4 potions of cancellation {unknown}
 o - a potion of flight {unknown}
 r - 2 potions of lignification {unknown}
 s - 2 potions of haste {unknown}
 x - 2 potions of brilliance {unknown}
 A - 3 potions of degeneration {unknown}
 C - a potion of berserk rage {unknown}


   Skills:
 - Level 2.1 Fighting
 + Level 8.6 Short Blades
 - Level 2.1 Throwing
 - Level 1.2 Dodging
 - Level 5.3 Stealth


You had 5 spell levels left.
You didn't know any spells.
Your spell library contained the following spells:

 Spells                   Type           Power      Damage    Failure   Level
 Apportation              Tloc           0%         N/A       67%         1
 Sandblast                Erth           0%         2d4       67%         1
 Passwall                 Tmut/Erth      0%         N/A       82%         2
 Gell's Gravitas          Tloc           0%         N/A       96%         3
 Lesser Beckoning         Tloc           0%         N/A       96%         3
 Stone Arrow              Conj/Erth      0%         3d7       96%         3
 Teleport Other           Tloc           0%         N/A       96%         3
 Alistair's Intoxication  Tmut/Pois      0%         N/A       100%        5


Dungeon Overview and Level Annotations

Branches:
Dungeon (4/15)
 Temple: D:4-7

Altars:
Gozag

Annotations:
D:4 3 runed translucent doors


Innate Abilities, Weirdness & Mutations

You are small and have problems with some larger weapons.
You are completely attuned to the shadows.


Message History

You hit the gnoll.
The gnoll is moderately wounded.
The gnoll is no longer moving quickly.
The gnoll closely misses you.
You hit the gnoll.
The gnoll is heavily wounded.
The gnoll barely misses you.
You hit the gnoll but do no damage.
The gnoll is heavily wounded.
You hit the gnoll.
You kill the gnoll!
You see here a +0 spear.
The gnoll bouda attacks as you move away!
The gnoll bouda hits you with a +0 whip!
The gnoll bouda barks out a call to the hunt!
The gnoll bouda barks out a call to the hunt!
You barely miss the gnoll bouda. You hit the gnoll bouda.
The gnoll bouda is moderately wounded.
The gnoll bouda closely misses you.
You completely miss the gnoll bouda.
The gnoll bouda is moderately wounded.
The gnoll bouda hits you with a +0 whip!
* * * LOW HITPOINT WARNING * * *
You hit the gnoll bouda.
The gnoll bouda is heavily wounded.
The gnoll closely misses you. The gnoll barely misses you.
You hit the gnoll bouda.
The gnoll bouda is heavily wounded.
The gnoll bouda misses you.
You hit the gnoll bouda but do no damage.
The gnoll bouda is heavily wounded.
The gnoll misses you. The gnoll hits you but does no damage.
You barely miss the gnoll bouda.
The gnoll bouda is heavily wounded.
The gnoll bouda hits you with a +0 whip.
* * * LOW HITPOINT WARNING * * *
You hit the gnoll bouda.
The gnoll bouda is heavily wounded.
The gnoll closely misses you. The gnoll hits you with a +0 whip!
You die...

#....#........#........#'
#....#........#........#.
#....#...##.#######....'.
#....#...#### ##...#.
#....#....# ##..#.
#....#....# #..+.
#....#....# #..#.
#....#...##⌠.......⌠#..##
#^...#..@##P.......P#....
#....#.gg#####+++####....
#....##g.#...............
#######.))...............
#...#)...#.###....##
#...#......# #....#.
########..#....#####....#.
#......#..#....#........#.
#......#..#....'........#.


You could see a gnoll bouda and 2 gnolls.

Vanquished Creatures
  An orc priest (D:4)
  3 iguanas (D:4)
  An orc wizard (D:4)
  Robin (D:3)
  4 gnolls (D:4)
  3 adders
  2 ufetubi (D:4)
  5 worms
  A dart slug (D:1)
  2 orcs (D:4)
  4 ball pythons
  4 endoplasms
  4 giant cockroaches
  5 hobgoblins
  4 kobolds
  2 quokkas
  3 bats
  4 frilled lizards
  15 goblins
  2 rats (D:2)
70 creatures vanquished.

Notes
Turn   | Place    | Note
-------+----------+-------------------------------------------
     0 | D:1      | jimonade the Kobold Brigand began the quest for the Orb.
     0 | D:1      | Reached XP level 1. HP: 12/12 MP: 1/1
   134 | D:1      | Reached skill level 3 in Short Blades
   281 | D:1      | Noticed an eye of devastation
   283 | D:1      | Found a faded altar of an unknown god.
   283 | D:1      | Noticed a golden eye
   286 | D:1      | Noticed a shining eye
   286 | D:1      | Noticed a shining eye
   440 | D:1      | Reached XP level 2. HP: 17/17 MP: 2/2
   871 | D:2      | Reached skill level 4 in Short Blades
   986 | D:2      | Reached XP level 3. HP: 21/21 MP: 3/3
  1096 | D:2      | You fall into a shaft and drop 2 floors!
  1235 | D:3      | Reached skill level 5 in Short Blades
  1425 | D:3      | Found an opulent altar of Gozag.
  1701 | D:2      | Reached XP level 4. HP: 15/26 MP: 4/4
  2446 | D:4      | Noticed Robin
  2564 | D:4      | Reached skill level 6 in Short Blades
  2606 | D:4      | Reached XP level 5. HP: 25/30 MP: 5/5
  2682 | D:3      | Killed Robin
  2790 | D:4      | Reached skill level 7 in Short Blades
  2834 | D:4      | Reached XP level 6. HP: 22/35 MP: 4/6
  3152 | D:4      | Found a runed translucent gate.
  3154 | D:4      | Found a runed translucent gate.
  3155 | D:4      | Found a runed translucent gate.
  3206 | D:4      | Reached skill level 8 in Short Blades
  3809 | D:4      | Slain by a gnoll

Illustrated notes

Levels and vault maps discovered:
D:1:      saegor_arrival_simple_e, layout_loops_ring,
          hellmonk_ecumenical_altar_watching_god, st_stairs_2, nicolae_titane
D:2:      layout_basic
D:3:      layout_rooms, mainiacjoe_overflow_paths
D:4:      layout_gridville, gammafunk_ghost_cemetery, uniq_robin

Skill      XL: |  1  2  3  4  5  6 |
---------------+-------------------+-----
Short Blades   | 3 4 5 6 7 8 |  8.6
Fighting       | |  2.1
Throwing       | |  2.1
Dodging        | |  1.2
Stealth        | |  5.3

Action                   |  1- 3 |  4- 6 || total
-------------------------+-------+-------++-------
Melee: Dagger            |   103 |   180 ||   283
       Punch             |     1 |     2 ||     3
 Stab: Sleeping          |    13 |    11 ||    24
       Distracted        |     1 |     1 ||     2
Armor: Robe              |     5 |       ||     5
       Ring mail         |    13 |    28 ||    41
Dodge: Dodged            |    45 |   110 ||   155

Table legend: (Time is in decaauts)
 A = Elapsed time spent in this place.
 B = Non-inter-level travel time spent in this place.
 C = Inter-level travel time spent in this place.
 D = Time resting spent in this place.
 E = Time spent auto-exploring this place.
 F = Levels seen in this place.
 G = Mean time per level.
                   A        B        C        D        E       F      G
               +--------+--------+--------+--------+--------+-----+--------+
         Total |   3723 |   3544 |    179 |    209 |   2593 |   4 |  930.8 |
       Dungeon |   3723 |   3544 |    179 |    209 |   2593 |   4 |  930.8 |
               +--------+--------+--------+--------+--------+-----+--------+

Top non-repeatable levels by time:
     D:4: 1370 daAuts
     D:2: 872 daAuts
     D:1: 842 daAuts
     D:3: 637 daAuts
